 Dungeon Crawl Stone Soup version 0.23-a0-54-gae6112e (webtiles) character file.

31 conein the Chiller (level 3, 0/24 HPs)
             Began as a Human Ice Elementalist on Aug 8, 2018.
             Succumbed to an adder's poison
             ... on level 2 of the Dungeon.
             The game lasted 00:02:16 (623 turns).

conein the Chiller (Human Ice Elementalist)          Turns: 623, Time: 00:02:16

Health: 0/24       AC:  2    Str:  8    XL:     3   Next: 40%
Magic:  5/7        EV: 12    Int: 16    God:
Gold:   15         SH:  0    Dex: 13    Spells: 6/7 levels left

rFire    . . .     SeeInvis .   b - +0 short sword
rCold    . . .     Gourm    .   (no shield)
rNeg     . . .     Faith    .   a - +0 robe
rPois    .         Spirit   .   (no helmet)
rElec    .         Reflect  .   (no cloak)
rCorr    .         Harm     .   (no gloves)
MR       .....                  (no boots)
Stlth    ++........             (no amulet)
HPRegen  0.08/turn              (no ring)
MPRegen  0.10/turn              (no ring)

@: lethally poisoned (0 -> -6), very slightly contaminated, invisible
A: no striking features
a: no special abilities


You were on level 2 of the Dungeon.
You were not hungry.

You visited 1 branch of the dungeon, and saw 2 of its levels.

You collected 15 gold pieces.

Inventory:

Hand Weapons
 b - a +0 short sword (weapon)
Armour
 a - a +0 robe (worn)
Scrolls
 d - a scroll of remove curse {unknown}
 e - a scroll of random uselessness {unknown}
 f - 2 scrolls of identify
Comestibles
 c - a ration


   Skills:
 - Level 2.0 Dodging
 - Level 2.0 Stealth
 + Level 2.7 Spellcasting
   Level 1.0 Conjurations
 + Level 3.6 Ice Magic


You had 6 spell levels left.
You knew the following spells:

 Your Spells              Type           Power        Failure   Level  Hunger
a - Freeze                Ice            ##..         4%          1    #......

Your spell library contained the following spells:

 Spells                   Type           Power        Failure   Level  Hunger
 Throw Frost              Conj/Ice       #.....       11%         2    ##.....
 Summon Ice Beast         Ice/Summ       #.......     65%         4    #####..
 Ozocubu's Armour         Chrm/Ice       #.......     26%         3    ###....
 Throw Icicle             Conj/Ice       #.......     58%         4    #####..


Dungeon Overview and Level Annotations

Branches:
Dungeon (2/15)

Altars:


Message History

Found a robe and 10 gold pieces.
A hobgoblin comes into view. It is wielding a club.
Found a ration and a pair of gloves.
* * * LOW HITPOINT WARNING * * *
You feel sick.
Found a hunting sling.
* * * LOW HITPOINT WARNING * * *
You feel sick.
Found a hunting sling.
You see here a fuming amethyst potion.
g - a fuming amethyst potion
* * * LOW HITPOINT WARNING * * *
You feel sick.
It was a potion of invisibility.
You fade into invisibility!
The quokka barely misses you. The hobgoblin barely misses you.
You are very lightly contaminated with residual magic.
Found a glowing garnet ring.
You aren't carrying any potions.
You die...

...###< #.#.#.#
..#....#......#
........).....#
#..............
#...............#
#.=..........$..##
##................
#......@........# .
#.#####..##.....# # #
.......r.##.....##.#
#
.......gr##........#
. .................#
.
..........#......###
..)%...............#
........#.########...
....[.[.#.#


You could see a quokka, a hobgoblin and a rat.

Vanquished Creatures
  An adder (D:2)
  A dart slug (D:1)
  A leopard gecko (D:1)
  A giant cockroach (D:1)
  3 goblins (D:1)
  2 hobgoblins (D:1)
  A ball python (D:1)
  3 bats (D:1)
  A frilled lizard (D:1)
  2 kobolds (D:1)
  4 rats (D:1)
20 creatures vanquished.

Notes
Turn   | Place    | Note
-------+----------+-------------------------------------------
     0 | D:1      | conein the Human Ice Elementalist began the quest for the Orb.
     0 | D:1      | Reached XP level 1. HP: 13/13 MP: 3/3
   138 | D:1      | Reached XP level 2. HP: 18/19 MP: 0/5
   456 | D:1      | Reached XP level 3. HP: 22/24 MP: 6/6
   620 | D:2      | HP: 1/24 [poisoned by an adder]
   623 | D:2      | Succumbed to an adder's poison

Vault maps used:
D:1:      scummos_arrival_hexagon

Action                   || total
-------------------------++-------
Melee: Short sword       ||    26
 Cast: Freeze            ||    20
  Use: Scroll            ||     2
       Potion            ||     1
 Stab: Sleeping          ||     3
Armor: Robe              ||    10
Dodge: Dodged            ||    38

Table legend:
 A = Spawn XP
 B = Non-spawn XP
 C = Spawn XP percentage of total XP
 D = Spawn monster count
 E = Non-spawn monster count
 F = Spawn count percentage of total count
 G = Total turns spent on level
                    A         B        C        D         E        F      G
               +---------+---------+-------+---------+---------+-------+---------
         Total |       0 |      45 |   0.0 |       0 |      20 |   0.0 |   623
               +---------+---------+-------+---------+---------+-------+---------
           D:1 |       0 |      32 |   0.0 |       0 |      19 |   0.0 |   599
           D:2 |       0 |      13 |   0.0 |       0 |       1 |   0.0 |    24
               +---------+---------+-------+---------+---------+-------+---------
